 Dungeon Crawl Stone Soup version 0.31.0-1-g2c135a0 (webtiles) character file.

Game seed: 15549543109098360198

77613 bonscott the Devastator (level 15, -21/98 (111) HPs)
             Began as a Djinni Conjurer on Feb 29, 2024.
             Was the Champion of Makhleb.
             Killed from afar by a cacodemon (48 damage)
             ... with a bolt of devastation
             ... on level 2 of the Abyss on Mar 1, 2024.
             The game lasted 02:52:15 (17478 turns).

bonscott the Devastator (Djinni Conjurer)          Turns: 17478, Time: 02:52:16

HP:   -21/98 (111)  AC:  2    Str:  8    XL:     15   Next: 66%
Gold: 1170          EV: 13    Int: 22    God:    Makhleb [******] SH:  7 Dex: 13

rFire   + + .        a - +1 sling (flame)
rCold   . . .        W - +2 buckler
rNeg    + . .        Z - +0 troll leather armour
rPois   ∞            U - +0 hat
rElec   .            F - scarf {shadows}
rCorr   +            (no gloves)
SInv    +            (boots unavailable)
Will    .....        q - amulet of the acrobat
Stlth   +++          p - ring of see invisible
HPRegen 0.00/turn    R - ring of Contentment {rC+ rN+ rCorr Dex+6 Stlth+}
MPRegen 0.00/turn

%: acrobat, infuse magic (-22 HP)
@: weak-willed, flying, inhibited regen, studying 2 skills, heavily drained
A: sickness immunity, fire resistance 2, cold vulnerability 1, float, innate
caster, HP casting, extra vitality 1, [clumsy 2], [deformed body],
[deterioration 2], [screaming 2], [inhibited regeneration], [weak 2], [subdued
magic 2], [inability to drink after injury 2], [persistent drain]
a: Renounce Religion, Minor Destruction, Lesser Servant of Makhleb, Major
Destruction, Greater Servant of Makhleb


You were on level 2 of the Abyss.
You worshipped Makhleb.
Makhleb was exalted by your worship.
You visited 4 branches of the dungeon, and saw 23 of its levels.
You visited the Abyss 1 time.

You collected 1395 gold pieces.
You spent 225 gold pieces at shops.

Inventory:

Hand Weapons
 a - a +1 sling of flaming (weapon)
 j - the +7 spear of Mutilation {venom, Will+ rCorr Int+4}
   (You found it on level 3 of the Lair of Beasts)

   Int+4:     It affects your intelligence (+4).
   Will+:     It increases your willpower.
   rCorr:     It protects you from acid and corrosion.
Missiles
 e - 6 javelins
 i - 8 poisoned darts
 n - 2 boomerangs
Armour
 d - a +0 cloak
 F - a scarf of shadows (worn)
 T - a +0 kite shield
 U - a +0 hat (worn)
 W - a +2 buckler (worn)
 Z - a +0 troll leather armour (worn)
Magical Staves
 b - a staff of conjuration
Jewellery
 o - a ring of willpower
 p - a ring of see invisible (left hand)
 q - an amulet of the acrobat (around neck)
 A - a ring of protection from cold
 H - a +6 ring of dexterity
 P - a ring of ice
 R - the ring of Contentment (right hand) {rC+ rN+ rCorr Dex+6 Stlth+}
   (You acquired it on level 5 of the Lair of Beasts)

   [ring of resist corrosion]

   Dex+6:     It affects your dexterity (+6).
   rC+:       It protects you from cold.
   rN+:       It protects you from negative energy.
   rCorr:     It protects you from acid and corrosion.
   Stlth+:    It makes you more stealthy.
 Y - a ring of wizardry
Talismans
 Q - a talisman of death
Wands
 f - a wand of flame (3)
 x - a wand of charming (47)
 y - a wand of acid (16)
 z - a wand of polymorph (5)
 E - a wand of roots (1)
 M - a wand of digging (1)
Scrolls
 c - 8 scrolls of teleportation
 h - a scroll of enchant weapon {unknown}
 r - 3 scrolls of poison
 u - 2 scrolls of blinking {unknown}
 w - 2 scrolls of enchant armour {unknown}
 B - a scroll of noise {unknown}
 C - 2 scrolls of revelation
 J - 2 scrolls of vulnerability
 K - 4 scrolls of brand weapon
 L - a scroll of butterflies {unknown}
 O - a scroll of immolation {unknown}
Potions
 k - 4 potions of might
 l - 6 potions of ambrosia
 m - a potion of haste
 s - 2 potions of mutation
 t - a potion of resistance
 v - a potion of heal wounds
 D - 5 potions of lignification
 G - 3 potions of brilliance
 I - 2 potions of cancellation
 N - a potion of curing {unknown}
 S - 3 potions of attraction
 V - 2 potions of enlightenment
Miscellaneous
 g - a sack of spiders
 X - a phantom mirror (inert)


   Skills:
 + Level 11.2 Fighting
 + Level 11.1 Ranged Weapons
 - Level 4.0 Throwing
 - Level 4.0 Armour
 - Level 7.0 Dodging
 - Level 1.5 Stealth
 - Level 4.0 Shields
 - Level 14.0 Spellcasting
 - Level 16.9 Conjurations
 - Level 16.3 Hexes
 - Level 14.0 Summonings
 - Level 14.0 Necromancy
 - Level 14.0 Translocations
 - Level 14.0 Fire Magic
 - Level 14.0 Ice Magic
 - Level 14.0 Air Magic
 - Level 14.0 Earth Magic
 - Level 14.0 Alchemy
 - Level 6.0 Evocations


You knew the following spells:

 Your Spells              Type           Power      Damage    Failure   Level
a - Sting                 Conj/Alch      100%       1d9       0%          1
b - Bombard               Conj/Erth      25%        9d5       1%          6
c - Sticky Flame          Fire/Alch      48%        2d9       1%          4
d - Magic Dart            Conj           100%       1d8       0%          1
e - Ensorcelled Hibernat  Hex/Ice        100%       N/A       0%          2
f - Fulminant Prism       Conj/Alch      25%        3d13      1%          4
h - Hailstorm             Conj/Ice       51%        3d10      0%          3
m - Iskenderun's Mystic   Conj/Tloc      51%        2d11      1%          4
n - Summon Mana Viper     Hex/Summ       50%        N/A       1%          5
r - Searing Ray           Conj           100%       2d8       0%          2
x - Olgreb's Toxic Radia  Alch           48%        N/A       1%          4
Your spell library was empty.

Dungeon Overview and Level Annotations

Branches:
Dungeon (15/15)            Temple (1/1) D:7            Lair (5/5) D:10
 Shoals (0/4) Lair:2        Snake (0/4) Lair:2        Slime (0/5) Lair:5
    Orc (2/2) D:10            Elf (0/3) Orc:2        Vaults (0/5) D:14
 Depths (0/4) D:15

Altars:
Ashenzari
Cheibriados
Dithmenos
Elyvilon
Fedhas
Gozag
Hepliaklqana
Makhleb
Nemelex Xobeh
Okawaru
Qazlal
Ru
Trog
Uskayaw
Wu Jian
Xom
Yredelemnul
Zin
The Shining One

Shops:
D:8 *   Orc:2 [[:(

Annotations:
D:3 1 runed translucent door, samurai2's ghost, amateur MiFi
Lair:4 2 transporters


Innate Abilities, Weirdness & Mutations

You are immune to sickness and miasma.
You are immune to poison.
Your flesh is very heat resistant. (rF++)
You are vulnerable to cold. (rC-)
You float through the air rather than walking.
You learn spells naturally, not from books.
Your magical power is your life essence.
You have superior vitality. (+4 MHP)
[You are very clumsy. (Dex -4)]
[Armour fits poorly on your strangely shaped body.]
[Your body often deteriorates upon taking damage.]
[You frequently scream uncontrollably at your foes.]
[You do not regenerate when monsters are visible.]
[You are very weak. (Str -4)]
[Your spells are easier to cast, but less powerful.]
[You sometimes lose the ability to drink potions when taking damage.]
[Your health recovers twice as slowly from being drained.]


Message History

Makhleb accepts your kill.
You feel better.
The blast of energy engulfs the ancient zyme!
The ancient zyme is moderately damaged.
You hear a shout!
You hear a bark! x2
You feel much better.
Casting: Fulminant Prism (safe; 1% risk of failure)
Confirm with . or Enter, or press ? or * to list all spells.
You erupt in a blast of force!
The mystic blast hits the ancient zyme but does no damage.
The ancient zyme is moderately damaged.
Casting: Iskenderun's Mystic Blast (safe; 1% risk of failure)
Confirm with . or Enter, or press ? or * to list all spells.
You erupt in a blast of force!
The mystic blast hits the ancient zyme!!
The ancient zyme is severely damaged.
The ancient zyme is knocked back by the mystic blast.
You hear a shout!
A cacodemon comes into view.
Casting: Iskenderun's Mystic Blast (safe; 1% risk of failure)
Confirm with . or Enter, or press ? or * to list all spells.
You erupt in a blast of force!
The mystic blast hits the ancient zyme.
The ancient zyme is severely damaged.
The ancient zyme is knocked back by the mystic blast.
The cacodemon shouts!
* * * LOW HITPOINT WARNING * * *
Aiming: Charm
Press: ? - help, Shift-Dir - straight line, f - ancient zyme
Aim: an ancient zyme (severely damaged, chance to affect: 29%)
The ancient zyme easily resists.
Aiming: Corrosive Bolt
Press: ? - help, Shift-Dir - straight line, f/p - ancient zyme
Aim: an ancient zyme (severely damaged, 88% to hit)
The bolt of acid hits the ancient zyme!!
You destroy the ancient zyme!
Makhleb accepts your kill.
The bolt of acid misses the cacodemon.
The cacodemon gestures at you. The bolt of devastation hits you!!!
Your willpower is stripped away!
You die...

#...
....#.....#. #..
##...###...# #
.# ##.## #.##
##.
..###...###...##
..#
..#.....#2....#
...#
...............
. ..
#.....#.....#..
##...###.. ###..
##@## ##.## #.
#......# ..#
...#.#..# ..# #
..#...# . ...
.... #.. ##.##.
#. ... #


You could see a cacodemon.

Vanquished Creatures
  Kirke (Lair:3)
  Azrael (D:14)
  A catoblepas (Lair:5)
  5 ogre magi
  2 hydras
  A boulder beetle (D:11)
  Erica (D:9)
  21 two-headed ogres
  2 centaur warriors (D:14)
  A deep troll shaman (Lair:5)
  6 death yaks (Lair:5)
  2 skysharks
  A lindwurm (Lair:5)
  Pikel (D:7)
  2 ugly things
  A deep elf pyromancer (D:15)
  A cyclops (D:13)
  A smoke demon (Abyss:2)
  9 elephants (Lair:5)
  2 kobold blastminers (Orc:1)
  2 black mambas
  7 cane toads
  Jeremiah (D:8)
  4 rime drakes
  9 komodo dragons
  An ancient zyme (Abyss:2)
  3 polar bears
  3 trolls
  A hornet (Lair:1)
  11 blink frogs
  A shadow (D:13)
  Eustachio (D:6)
  5 fire elementals (D:14)
  A hog (Lair:3)
  A wraith (D:13)
  A wyvern (D:9)
  7 basilisks
  2 wargs (Orc:1)
  39 yaks
  A human (Lair:3)
  5 vampire mosquitoes
  A naga (Lair:2)
  3 acid dragons
  19 water moccasins
  A hell hound (D:14)
  5 black bears
  7 orc warriors
  3 ice beasts
  A sky beast (D:8)
  A laughing skull (Abyss:2)
  26 ogres
  37 wolves
  8 centaurs
  A phantom (D:5)
  A lemure (D:7)
  17 bullfrogs
  6 gnoll sergeants
  2 scorpions
  7 wights (D:8)
  7 killer bees
  5 howler monkeys
  An electric eel (D:14)
  A bombardier beetle (D:3)
  2 sleepcaps
  15 orc priests
  2 hounds
  3 iguanas
  4 hell rats (Lair:3)
  10 orc wizards
  28 gnolls
  9 adders
  2 ufetubi (D:6)
  4 dart slugs
  3 ribbon worms
  37 orcs
  6 endoplasms
  3 giant cockroaches (D:3)
  5 goblins
  5 hobgoblins
  9 jackals
  9 kobolds
  6 quokkas
  8 ball pythons
  5 bats
  2 frilled lizards
  3 rats
  5 fulminant prisms
513 creatures vanquished.

Vanquished Creatures (collateral kills)
  A fire giant (D:15)
  An ice dragon (shapeshifter) (D:14)
  A centaur warrior (D:14)
  An efreet (D:15)
  2 centaurs (D:14)
6 creatures vanquished.

Vanquished Creatures (others)
  A human (Lair:3)
  186 fulminant prisms
187 creatures vanquished.

Grand Total: 706 creatures vanquished

Notes
Turn   | Place    | Note
-------+----------+-------------------------------------------
     0 | D:1      | bonscott the Djinni Conjurer began the quest for the Orb.
     0 | D:1      | bonscott set off with the following spells memorised: Magic
                  | Dart, Searing Ray, Fulminant Prism, Iskenderun's Mystic
                  | Blast.
     0 | D:1      | Reached XP level 1. HP: 15/15 MP: 0/0
   158 | D:1      | Reached XP level 2. HP: 8/21 MP: 0/0
   455 | D:1      | Reached XP level 3. HP: 23/25 MP: 0/0
   455 | D:1      | Learned a level 1 spell: Sting
  1030 | D:2      | Reached XP level 4. HP: 28/31 MP: 0/0
  1628 | D:3      | Reached skill level 5 in Spellcasting
  1628 | D:3      | Reached skill level 5 in Conjurations
  1628 | D:3      | Reached skill level 5 in Hexes
  1628 | D:3      | Reached skill level 5 in Summonings
  1628 | D:3      | Reached skill level 5 in Necromancy
  1628 | D:3      | Reached skill level 5 in Translocations
  1628 | D:3      | Reached skill level 5 in Fire Magic
  1628 | D:3      | Reached skill level 5 in Ice Magic
  1628 | D:3      | Reached skill level 5 in Air Magic
  1628 | D:3      | Reached skill level 5 in Earth Magic
  1628 | D:3      | Reached skill level 5 in Alchemy
  1628 | D:3      | Reached skill level 1 in Armour
  1628 | D:3      | Reached XP level 5. HP: 31/35 MP: 0/0
  1628 | D:3      | Learned a level 2 spell: Ensorcelled Hibernation
  1914 | D:3      | Noticed samurai2's ghost (amateur MiFi)
  1926 | D:3      | Found a runed translucent door.
  2187 | D:4      | Reached XP level 6. HP: 33/40 MP: 0/0
  2424 | D:4      | Found a shimmering altar of Xom.
  2560 | D:4      | Found a shadowy altar of Dithmenos.
  2560 | D:4      | Found a hazy altar of Hepliaklqana.
  2560 | D:4      | Found a broken altar of Ashenzari.
  2566 | D:4      | Found a sparkling altar of Nemelex Xobeh.
  2566 | D:4      | Found an ornate altar of the Wu Jian Council.
  2619 | D:4      | Reached skill level 1 in Fighting
  2654 | D:4      | Found a hide-covered altar of Uskayaw.
  2683 | D:4      | Reached XP level 7. HP: 43/49 MP: 0/0
  2683 | D:4      | Learned a level 3 spell: Hailstorm
  2751 | D:5      | Entered Level 5 of the Dungeon
  2757 | D:5      | Noticed a water moccasin
  2766 | D:5      | Killed a water moccasin
  3016 | D:5      | Reached XP level 8. HP: 49/58 MP: 0/0
  3081 | D:5      | Reached skill level 1 in Evocations
  3425 | D:5      | Found a glowing golden altar of the Shining One.
  3642 | D:6      | Noticed Eustachio
  3652 | D:6      | Killed Eustachio
  3653 | D:6      | Reached skill level 1 in Throwing
  4093 | D:6      | Reached XP level 9. HP: 59/62 MP: 0/0
  4093 | D:6      | Learned a level 4 spell: Olgreb's Toxic Radiance
  4123 | D:6      | Found a snail-covered altar of Cheibriados.
  4840 | D:7      | Reached skill level 1 in Ranged Weapons
  4841 | D:7      | Found a staircase to the Ecumenical Temple.
  4846 | Temple   | Entered the Ecumenical Temple
  4875 | D:7      | Noticed Pikel
  5050 | D:7      | Killed Pikel
  5567 | D:8      | Found Fuiz's General Store.
  5887 | D:8      | Noticed Jeremiah
  5921 | D:8      | Killed Jeremiah
  5922 | D:8      | Reached XP level 10. HP: 39/67 MP: 0/0
  6531 | D:8      | Found a burning altar of Makhleb.
  6531 | D:8      | Noticed a green death
  6535 | D:8      | Noticed an orange demon
  6537 | D:8      | Became a worshipper of Makhleb the Destroyer
  7578 | D:9      | Noticed Erica
  7595 | D:9      | Killed Erica
  7596 | D:9      | Reached skill level 10 in Spellcasting
  7596 | D:9      | Reached skill level 10 in Conjurations
  7596 | D:9      | Reached skill level 10 in Hexes
  7596 | D:9      | Reached skill level 10 in Summonings
  7596 | D:9      | Reached skill level 10 in Necromancy
  7596 | D:9      | Reached skill level 10 in Translocations
  7596 | D:9      | Reached skill level 10 in Fire Magic
  7596 | D:9      | Reached skill level 10 in Ice Magic
  7596 | D:9      | Reached skill level 10 in Air Magic
  7596 | D:9      | Reached skill level 10 in Earth Magic
  7596 | D:9      | Reached skill level 10 in Alchemy
  7762 | D:9      | Identified 3 scrolls of acquirement
  7762 | D:9      | Acquired a manual of Conjurations
  7769 | D:9      | Reached XP level 11. HP: 45/73 MP: 0/0
  7769 | D:9      | Learned a level 4 spell: Sticky Flame
  7861 | D:10     | Entered Level 10 of the Dungeon
  7983 | D:10     | Reached * piety under Makhleb
  7984 | D:10     | Reached skill level 5 in Ranged Weapons
  8102 | D:10     | Found a blossoming altar of Fedhas.
  8107 | D:10     | Reached skill level 5 in Fighting
  8702 | D:10     | Found a staircase to the Orcish Mines.
  8725 | D:10     | Found a staircase to the Lair.
  8738 | Lair:1   | Entered Level 1 of the Lair of Beasts
  9021 | Lair:2   | Found a staircase to the Shoals.
  9286 | Lair:3   | Identified the +7 spear of Mutilation {venom, Will+ rCorr
                  | Int+4}
  9301 | Lair:3   | Reached ** piety under Makhleb
  9516 | Lair:3   | Reached XP level 12. HP: 73/81 MP: 0/0
  9780 | Lair:3   | Noticed Kirke
  9791 | Lair:3   | Killed Kirke
  9792 | Lair:3   | Reached skill level 5 in Evocations
 10054 | Lair:4   | Found a transporter.
 10057 | Lair:4   | Found a transporter.
 10057 | Lair:4   | Noticed a boulder beetle
 10058 | Lair:4   | Noticed a boulder beetle
 10076 | Lair:4   | Reached skill level 5 in Dodging
 10094 | Lair:4   | Noticed a skyshark
 10169 | Lair:5   | Entered Level 5 of the Lair of Beasts
 10169 | Lair:5   | Noticed a skyshark
 10176 | Lair:5   | Killed a skyshark
 10355 | Lair:5   | Acquired the ring of Contentment {rC+ rN+ rCorr Dex+6
                  | Stlth+}
 10362 | Lair:5   | Acquired a manual of Hexes
 10640 | Lair:5   | Noticed a death yak
 10756 | Lair:5   | Noticed a catoblepas
 10816 | Lair:5   | Killed a catoblepas
 10884 | Lair:5   | Noticed a death yak
 10887 | Lair:5   | Noticed a death yak
 10887 | Lair:5   | Killed a death yak
 10892 | Lair:5   | Noticed a death yak
 10899 | Lair:5   | Noticed a death yak
 10903 | Lair:5   | Killed a death yak
 10915 | Lair:5   | Killed a death yak
 10916 | Lair:5   | Reached XP level 13. HP: 63/85 MP: 0/0
 10916 | Lair:5   | Learned a level 5 spell: Summon Mana Viper
 10937 | Lair:5   | Reached *** piety under Makhleb
 11196 | Lair:5   | Got an earthy gem with 1305 turns to spare
 11343 | Lair:5   | Found a staircase to the Slime Pits.
 11373 | Lair:5   | Reached skill level 15 in Conjurations
 12034 | Lair:4   | Noticed a seven-headed hydra
 12046 | Lair:4   | Killed a seven-headed hydra
 12047 | Lair:4   | Reached skill level 15 in Hexes
 12384 | Lair:3   | Reached **** piety under Makhleb
 12699 | Lair:3   | Reached XP level 14. HP: 85/94 MP: 0/0
 13584 | Lair:2   | Found a staircase to the Snake Pit.
 14502 | Orc:1    | Entered Level 1 of the Orcish Mines
 14714 | Orc:1    | Reached ***** piety under Makhleb
 15301 | Orc:2    | Entered Level 2 of the Orcish Mines
 15666 | Orc:2    | Found Ynaym's Book Boutique.
 15666 | Orc:2    | Found Voyta's Antique Armour Shoppe.
 15666 | Orc:2    | Found Jialoss's Antique Weapon Emporium.
 15666 | Orc:2    | Found Cuer's Armour Boutique.
 15734 | Orc:2    | Reached skill level 10 in Fighting
 15744 | Orc:2    | Reached XP level 15. HP: 107/107 MP: 0/0
 15744 | Orc:2    | Learned a level 6 spell: Bombard
 15813 | Orc:2    | Found a staircase to the Elven Halls.
 15820 | Orc:2    | Reached skill level 10 in Ranged Weapons
 16008 | Orc:2    | Bought a shiny buckler for 225 gold pieces
 16252 | D:15     | Entered Level 15 of the Dungeon
 16276 | D:15     | Found a staircase to the Depths.
 16277 | D:15     | Noticed a fire giant
 16284 | D:15     | Killed a fire giant
 16524 | D:14     | Noticed Azrael
 16542 | D:14     | Killed Azrael
 16695 | D:14     | Found a gate to the Vaults.
 16787 | D:13     | Reached ****** piety under Makhleb
 17275 | Abyss:2  | Cast into level 2 of the Abyss (an occultist)
 17422 | Abyss:2  | Found a corrupted altar of Lugonu.
 17447 | Abyss:2  | Found a corrupted altar of Lugonu.
 17475 | Abyss:2  | Noticed a cacodemon
 17478 | Abyss:2  | Killed from afar by a cacodemon

Illustrated notes

Levels and vault maps discovered:
D:1:      psy_arrival_spokes, layout_basic
D:2:      layout_basic
D:3:      layout_basic, hellmonk_ghost_happy_afterlife,
          minmay_misc_feat_four_crosses
D:4:      layout_rooms, mainiacjoe_overflow_alcove_2,
          nicolae_uskayaw_murder_on_the_dancefloor, minmay_overflow_temple_hex
D:5:      layout_rooms, nicolae_tso_carved_into_rock
D:6:      layout_layer_cave, lemuel_coloured_pillars_altar, serial_bayou_ford_a,
          uniq_eustachio
D:7:      layout_layer_cave, minmay_temple_entry_wispy, uniq_pikel
D:8:      layout_cave_pods, makhleb_altar_promises_db, serial_shops, shop,
          uniq_jeremiah
D:9:      layout_roguey, serial_library_hellmonk_room_b, uniq_erica
D:10:     layout_roguey, grunt_temple_overflow_growth_and_decay,
          hellmonk_lair_entry_icy, minmay_orc_entry_temple_small
D:11:     layout_big_octagon, library_closet, nicolae_dithmenos_the_darkroom
D:12:     kennysheep_bubbly, layout_gridville
D:13:     layout_layer_cave, gauntlet_entry_generic
D:14:     layout_basic, hellmonk_vaults_attempted_burglary, serial_curves,
          eino_curves_03, eino_curves_01, uniq_azrael
D:15:     grunt_enter_depths_giant_problem, layout_rooms, minmay_misc_feat_cross
Temple:   nicolae_temple_bog_church
Lair:1:   layout_gridlike, beast_lair_carwin_9, infiniplex_staircase_pool
Lair:2:   beast_lair_carwin_large_2, layout_regular_city, shoals_dummy_entry,
          guppyfry_snake_entry_island, serial_forest,
          infiniplex_forest_straight_4, infiniplex_forest_end_1,
          infiniplex_forest_lined_1, infiniplex_forest_clump_cross,
          infiniplex_forest_end_3, infiniplex_forest_end_2,
          infiniplex_forest_straight_2
Lair:3:   layout_loops_ring, grunt_megastairs_5, uniq_kirke
Lair:4:   gammafunk_boulding_lane, layout_misc_corridors, grunt_megastairs_4
Lair:5:   grunt_lair_end_beastmaster, layout_loops_ring, slime_entry_1
Orc:1:    layout_caves
Orc:2:    st_orc_ogre_mass, layout_caves, mines1_david
Abyss:2:  base: D:14, guppyfry_abyss_exit_glass_guarded,
          spicy_abyss_unhelpful_harpoons, bh_silent_lugonu_exit,
          spicy_abyss_unhelpful_harpoons, spicy_abyss_pitcher_plant,
          hangedman_abyss_or_decor_clamps

Skill      XL: |  1  2  3  4  5  6  7  8  9 10 11 12 13 14 15 |
---------------+----------------------------------------------+-----
Spellcasting   | 4 5 6 7 10 11 13 14 | 14.0
Conjurations   | 4 5 6 7 10 11 12 16 | 16.9
Hexes          | 4 5 6 7 10 12 16 | 16.3
Summonings     | 4 5 6 7 10 11 13 14 | 14.0
Necromancy     | 4 5 6 7 10 11 13 14 | 14.0
Translocations | 4 5 6 7 10 11 13 14 | 14.0
Fire Magic     | 4 5 6 7 10 11 13 14 | 14.0
Ice Magic      | 4 5 6 7 10 11 13 14 | 14.0
Air Magic      | 4 5 6 7 10 11 13 14 | 14.0
Earth Magic    | 4 5 6 7 10 11 13 14 | 14.0
Alchemy        | 4 5 6 7 10 11 13 14 | 14.0
Armour         | 1 3 4 |  4.0
Fighting       | 2 4 5 6 10 11 | 11.2
Evocations     | 4 6 |  6.0
Throwing       | 3 4 |  4.0
Ranged Weapons | 4 8 9 11 | 11.1
Dodging        | 7 |  7.0
Shields        | 4 |  4.0
Stealth        | |  1.5

Action                     |  1- 3 |  4- 6 |  7- 9 | 10-12 | 13-15 || total
---------------------------+-------+-------+-------+-------+-------++-------
  Melee: Dagger            |     4 |       |     1 |       |       ||     5
         Spear             |       |       |       |    16 |    21 ||    37
   Fire: Sling             |       |       |    20 |    40 |    79 ||   139
  Throw: Javelin           |     2 |       |       |       |     6 ||     8
         Dart              |       |       |     4 |     6 |     3 ||    13
         Boomerang         |       |       |       |       |    11 ||    11
   Cast: Magic Dart        |    59 |    66 |    29 |    60 |   152 ||   366
         Searing Ray       |     6 |    21 |    14 |    14 |     1 ||    56
         Iskenderun's Myst |       |       |    24 |   153 |   198 ||   375
         Fulminant Prism   |       |       |    43 |    61 |    88 ||   192
         Sting             |       |       |     4 |       |       ||     4
         Ensorcelled Hiber |       |       |     1 |     1 |       ||     2
         Olgreb's Toxic Ra |       |       |     3 |     8 |   106 ||   117
         Hailstorm         |       |       |       |     7 |       ||     7
         Summon Mana Viper |       |       |       |       |     3 ||     3
         Bombard           |       |       |       |       |     1 ||     1
  Evoke: Wand              |       |       |       |     1 |     9 ||    10
         Phantom mirror    |       |       |       |       |     1 ||     1
    Use: Scroll            |     1 |     1 |     6 |     7 |    14 ||    29
         Potion            |       |       |       |     2 |     2 ||     4
 Armour: Robe              |    15 |     9 |       |     9 |       ||    33
         Leather armour    |       |       |     9 |       |       ||     9
         Acid dragon scale |       |       |       |    38 |    19 ||    57
         Troll leather arm |       |       |       |       |    52 ||    52
  Dodge: Dodged            |    18 |    15 |    21 |    59 |   105 ||   218
  Block: Buckler           |       |       |       |       |    24 ||    24
